 Dungeon Crawl Stone Soup version 0.14-a0-848-g57a047c (webtiles) character file.

73 4tharraofdagon the Firebug (level 3, 3/28 HPs)
             Began as a Naga Fire Elementalist on Nov 14, 2013.
             Quit the game on Level 3 of the Dungeon.
             The game lasted 00:02:14 (284 turns).

4tharraofdagon the Firebug (Naga Fire Elementalist)  Turns: 284, Time: 00:02:14

HP   3/28        AC  2     Str 10      XL: 3   Next: 10%
MP   0/5         EV 10     Int 16      God:
Gold 46          SH  0     Dex 11      Spells:  2 memorised,  0 levels left

Res.Fire  : . . .   See Invis. : +   (no weapon)
Res.Cold  : . . .   Warding    : .   a - +0 robe
Life Prot.: . . .   Conserve   : .   (no shield)
Res.Poison: +       Res.Corr.  : .   (no helmet)
Res.Elec. : .       Clarity    : .   (no cloak)
Sust.Abil.: . .     Spirit.Shd : .   (no gloves)
Res.Mut.  : .       Stasis     : .   (no barding)
Res.Rott. : .       Flight     : .   (no amulet)
Saprovore : . . .                    (no ring)
                                     (no ring)

@: short of breath, confused, very slightly contaminated, very slow, slightly
resistant to hostile enchantments, very unstealthy
A: spit poison, see invisible, deformed body, poison resistance, slowness 2, AC
+1
a: Spit Poison


You were on level 3 of the Dungeon.
You were not hungry.

You visited 1 branch of the dungeon, and saw 4 of its levels.

You collected 46 gold pieces.

Inventory:

Armour
 a - a +0 robe (worn)
Comestibles
 c - a bread ration
 d - a meat ration
 f - 2 chunks of quokka flesh
 g - a chunk of giant gecko flesh
 h - a chunk of giant newt flesh
 j - a pear
 k - a slice of pizza
Scrolls
 e - 3 scrolls of identify {unknown}
Books
 b - a book of Flames

   Spells                             Type                      Level
   *Flame Tongue                      Conjuration/Fire             1
   Throw Flame                        Conjuration/Fire             2
   *Conjure Flame                     Conjuration/Fire             3
   Inner Flame                        Hexes/Fire                   3
   Sticky Flame                       Conjuration/Fire             4
   Fireball                           Conjuration/Fire             5


   Skills:
 - Level 1.5 Dodging
 - Level 3.0 Stealth
 + Level 1.2 Spellcasting
 * Level 2.0 Conjurations
 * Level 3.5 Fire Magic


You couldn't memorise any spells.
You knew the following spells:

 Your Spells              Type           Power        Failure   Level  Hunger
a - Flame Tongue          Conj/Fire      #....        10%         1    ##.....
b - Conjure Flame         Conj/Fire      #.......     21%         3    ####...


Dungeon Overview and Level Annotations

Branches:
Dungeon (4/16)
 Temple: D:4-7

Altars:

Annotations:
D:4 Eustachio


Innate Abilities, Weirdness & Mutations

You cannot wear boots.
You can spit poison.
Your serpentine skin is tough (AC +1).
You have supernaturally acute eyesight.
Armour fits poorly on your strangely shaped body.
Your system is resistant to poisons.
You cover ground very slowly.


Message History

The splash of poison misses the orc wizard.
You feel slightly more hungry. The orc wizard closely misses you.
Casting: Flame Tongue
Confirm with . or Enter, or press ? or * to list all spells.
Aiming: Flame Tongue
Press: ? - help, Shift-Dir - straight line, f/p - orc wizard
Aim: an orc wizard, wielding an elven short sword and wearing an orcish robe (lightly wounded, slightly transparent)
The flame hits the orc wizard.
The orc wizard is lightly wounded.
The orc wizard gestures at you while chanting.
The puff of flame hits you!
* * * LOW HITPOINT WARNING * * *
Unknown command.
The orc wizard gestures at you while chanting.
You are confused.
Unknown command.
Unknown command.
Unknown command.
You aren't carrying any potions.
Are you sure you want to abandon this character and quit the game? (Confirm with "yes".)

##.#...# ...##<## o ..###.# ###.
......###### ###.. .............
...# .......##### #$.#.#####
######## .....#.# #..#.....#
#.ยง[K..o
.......########..#####.###.######
....#...........@o)........#
#.#############..#####.##..###
..# #...>............ ###
##.#####.######## #.............#
#.#####.####### #.. ###


You could see an orc wizard (invisible).

Vanquished Creatures
  A gnoll (D:2)
  2 giant geckos (D:3)
  An ooze (D:3)
  An orc (D:3)
  A giant cockroach (D:1)
  A goblin (D:2)
  A hobgoblin (D:2)
  A quokka (D:2)
  A giant newt (D:3)
  2 kobolds
  2 rats (D:3)
14 creatures vanquished.

Notes
Turn   | Place    | Note
--------------------------------------------------------------
     0 | D:1      | 4tharraofdagon, the Naga Fire Elementalist, began the quest for the Orb.
     0 | D:1      | Reached XP level 1. HP: 15/15 MP: 3/3
    44 | D:2      | Reached XP level 2. HP: 7/22 MP: 0/4
   198 | D:3      | Reached XP level 3. HP: 3/28 MP: 0/5
   203 | D:3      | Learned a level 3 spell: Conjure Flame
   239 | D:4      | Noticed Eustachio
   284 | D:3      | Quit the game

Action                   || total
-------------------------++-------
Melee: Unarmed           ||    14
 Cast: Flame Tongue      ||    17
 Abil: Spit Poison       ||    14
  Use: Scroll            ||     1
